 Dungeon Crawl Stone Soup version 0.18-a0-1350-g404b4cb (webtiles) character file.

2184 namelastname112 the Inquisitive (level 9, -3/74 HPs)
             Began as a White Draconian Artificer on Feb 18, 2016.
             Was a Follower of Pakellas.
             Slain by Azzok's ghost (11 damage)
             ... in a bailey.
             The game lasted 00:18:23 (8689 turns).

namelastname112 the Inquisitive (DrAr)              Turns: 8689, Time: 00:18:23

Health: -3/74      AC:  7    Str: 14      XL:     9   Next: 11%
Magic:  15/15      EV: 13    Int: 12      God:    Pakellas [*.....]
Gold:   371        SH:  0    Dex: 11 (15) Spells: 0 memorised, 8 levels left

rFire  . . .     SeeInvis .     A - +3 hand axe
rCold  + . .     Gourm    .     (armour unavailable)
rNeg   + . .     Faith    .     (no shield)
rPois  .         Spirit   .     (helmet restricted)
rElec  .         Dismiss  .     (no cloak)
rCorr  .         Reflect  .     (no gloves)
SustAt .         Harm     .     (no boots)
MR     .....                    (no amulet)
Stlth  +.........               (no ring)
                                j - ring of positive energy

@: very slightly contaminated, invisible, not resistant to hostile enchantments,
very unstealthy
A: breathe frost, unfitting armour, cold resistance 1, cold-blooded, AC +7
a: Breathe Frost, Quick Charge, Renounce Religion


You were in a bailey.
You worshipped Pakellas.
Pakellas was aware of your devotion.
You were not hungry.

You visited 2 branches of the dungeon, and saw 8 of its levels.
You also visited: Sewer and Bailey.

You collected 371 gold pieces.

Inventory:

Hand Weapons
 t - a +0 whip of draining
 A - a +3 hand axe (weapon)
Jewellery
 b - an uncursed ring of flight {unknown}
 j - a ring of positive energy (left hand)
Wands
 c - a wand of enslavement (1/24)
 h - a wand of polymorph (12/24)
 w - a wand of lightning (8/15)
 y - a wand of slowing (25/48)
Scrolls
 g - a scroll of fog
 i - 7 scrolls of remove curse
 q - 4 scrolls of teleportation
 s - a scroll of fear {unknown}
 v - a scroll of torment {unknown}
 x - a scroll of enchant weapon {unknown}
Potions
 a - a potion of degeneration {unknown}
 e - a potion of cancellation
 o - 2 potions of agility
 r - 2 potions of magic
Comestibles
 f - 6 bread rations
 k - a beef jerky
 l - 3 meat rations


   Skills:
 + Level 5.6 Fighting
   Level 1.0 Short Blades
 * Level 5.7 Axes
 + Level 4.7 Dodging
 - Level 0.8 Stealth
 * Level 8.4 Evocations


You had 8 spell levels left.
You didn't know any spells.

Dungeon Overview and Level Annotations

Branches:
Dungeon (7/15)             Temple (1/1) D:5

Altars:
Cheibriados
Dithmenos
Fedhas
Kikubaaqudgha
Makhleb
Okawaru
Pakellas
Qazlal
Sif Muna
Trog
Vehumet
Yredelemnul
Zin

Annotations:
D:3 Grinder Bailey Azzok's ghost, novice GrFi


Innate Abilities, Weirdness & Mutations

You can breathe waves of freezing cold.
You can buffet flying creatures when you breathe cold.
Your icy white scales are hard (AC +7).
Your body does not fit into most forms of armour.
Your flesh is cold resistant.
You are cold-blooded and may be slowed by cold attacks.


Message History

Read which item? (? for menu, Esc to quit)
Okay, then.
Drink which item? (? for menu, Esc to quit)
You fade into invisibility!
The orc completely misses you. Azzok's ghost closely misses you.
The orc warrior hits you from afar with a spear.
* * * LOW HITPOINT WARNING * * *
The orc closely misses you.
You are very lightly contaminated with residual magic.
An orc comes into view. It is wielding a trident.
Drink which item? (? for menu, Esc to quit)
You feel better. Azzok's ghost hits you!
* * * LOW HITPOINT WARNING * * *
Drink which item? (? for menu, Esc to quit)
You feel better.
Your orc warrior hits the orc warrior from afar with a halberd!!
Azzok's ghost says very slowly, "There's no hope."
Azzok's ghost hits you!
You die...
Pakellas says: That's one more possible approach eliminated.

########## ##≈≈≈≈≈≈≈≈≈
##..@.......
##.oW.....o..
#..oo...⌠##########+##
#....#####............
#..o## ...≈≈≈≈≈≈≈≈≈...
#...# .≈≈≈.......≈≈..
#...# ≈≈..≈≈≈≈≈≈≈....
#..⌠# ≈o≈≈≈.....≈≈≈..
#..## .≈≈..≈≈≈≈≈..≈≈.


You could see an orc warrior, Azzok's ghost, 3 orcs and a friendly orc warrior.

Vanquished Creatures
  Sigmund (D:6)
  Edmund (D:5)
  2 ice beasts
  A phantom (D:4)
  2 ogres
  3 centaurs
  2 giant frogs (Sewer)
  An iguana (D:4)
  2 crimson imps
  A quasit (D:6)
  A giant frog skeleton (D:5)
  6 orc priests
  A jelly (D:3)
  2 hounds
  A centaur skeleton (D:4)
  5 orc wizards
  Natasha (thrice) (D:2)
  A worker ant (D:4)
  A hound skeleton (D:4)
  3 gnolls
  8 adders
  A shadow imp (D:5)
  8 oozes
  An adder skeleton (D:4)
  4 worms
  12 giant geckos
  32 orcs
  12 ball pythons
  13 giant cockroaches
  9 goblins
  7 hobgoblins
  7 kobolds
  2 quokkas (D:2)
  8 bats
  A giant cockroach zombie (D:6)
  16 giant newts
  A quokka skeleton (D:4)
  3 rats
185 creatures vanquished.

Vanquished Creatures (collateral kills)
  An ogre (D:4)
  A centaur (Bailey)
  7 orcs
  A hobgoblin (D:3)
10 creatures vanquished.

Vanquished Creatures (others)
  An orc warrior (Bailey)
  2 gnolls (D:6)
  An orc (D:3)
4 creatures vanquished.

Grand Total: 199 creatures vanquished

Notes
Turn   | Place    | Note
--------------------------------------------------------------
     0 | D:1      | namelastname112 the Draconian Artificer began the quest for the Orb.
     0 | D:1      | Reached XP level 1. HP: 16/16 MP: 3/3
   127 | D:1      | Reached XP level 2. HP: 12/23 MP: 4/4
   811 | D:2      | Reached XP level 3. HP: 3/29 MP: 5/5
  1113 | D:2      | Reached skill level 4 in Evocations
  1467 | D:2      | Noticed Natasha
  1476 | D:2      | Killed Natasha
  1476 | D:2      | Reached XP level 4. HP: 22/36 MP: 7/7
  2089 | D:2      | Noticed Natasha
  2107 | D:2      | Killed Natasha
  2397 | D:2      | Noticed Natasha
  2406 | D:2      | Killed Natasha
  2406 | D:2      | Reached XP level 5. HP: 38/42 MP: 8/8
  2804 | D:3      | Reached skill level 5 in Evocations
  3515 | D:3      | Noticed Grinder
  3743 | D:3      | Reached XP level 6. HP: 40/51 MP: 10/10
  3755 | D:3      | Reached skill level 1 in Axes
  4161 | D:4      | Reached skill level 6 in Evocations
  4280 | D:4      | Reached XP level 7. HP: 57/57 MP: 11/11
  4280 | D:4      | Your scales start taking on an icy white colour.
  4280 | D:4      | Gained mutation: Your flesh is cold resistant. [White Draconian growth]
  4580 | D:4      | Found a glowing drain.
  4595 | Sewer    | Entered a sewer
  5535 | D:5      | Entered Level 5 of the Dungeon
  5964 | D:4      | Reached skill level 7 in Evocations
  5964 | D:4      | Reached XP level 8. HP: 23/67 MP: 13/13
  6943 | D:5      | Noticed Edmund
  6968 | D:5      | Found an ancient bone altar of Kikubaaqudgha.
  6997 | D:5      | Reached skill level 5 in Fighting
  7012 | D:5      | Killed Edmund
  7294 | D:5      | Found a staircase to the Ecumenical Temple.
  7299 | Temple   | Entered the Ecumenical Temple
  7348 | Temple   | Became a worshipper of Pakellas the Inventive
  7394 | D:6      | Reached skill level 5 in Axes
  7622 | D:6      | Reached skill level 8 in Evocations
  7652 | D:6      | Noticed Sigmund
  7668 | D:6      | Killed Sigmund
  8075 | D:6      | Reached XP level 9. HP: 55/74 MP: 15/15
  8427 | D:6      | Reached * piety under Pakellas
  8610 | D:7      | Found a flagged portal.
  8618 | Bailey   | Entered a bailey
  8618 | Bailey   | Noticed Azzok's ghost (novice GrFi)
  8688 | Bailey   | HP: 3/74 [Azzok's ghost (11)]
  8689 | Bailey   | Slain by Azzok's ghost

Vault maps used:
D:1:      lightli_arrival_quake, serial_forest, infiniplex_forest_clump_C,
          infiniplex_forest_clump_cross, infiniplex_forest_straight_2,
          infiniplex_forest_zigzag_2, infiniplex_forest_lined_room_3,
          infiniplex_forest_lined_room_2, infiniplex_forest_lined_corner
D:2:      uniq_natasha
D:3:      uniq_grinder
D:4:      first_bread, portal_sewer_entry_f
D:5:      old_standard_altar, minmay_temple_entry_butterflies, uniq_edmund
D:6:      uniq_sigmund
D:7:      lemuel_coloured_pillars_altar, enter_bailey_2, minmay_hedge_maze
Temple:   eino_temple_water_12
Sewer:    sewer_frog_island_02
Bailey:   bailey_polearm_flooded_kennysheep, bailey

Action                   |  1- 3 |  4- 6 |  7- 9 || total
-------------------------+-------+-------+-------++-------
Melee: Short sword       |    82 |   186 |       ||   268
       Whip              |       |    59 |   508 ||   567
       Unarmed           |       |       |     8 ||     8
       Hand axe          |       |       |     7 ||     7
 Abil: Breathe Frost     |       |       |    16 ||    16
Evoke: Wand              |     7 |    25 |    12 ||    44
  Use: Scroll            |       |       |    15 ||    15
       Potion            |       |       |     5 ||     5
 Stab: Sleeping          |     3 |     2 |     2 ||     7
       Paralysed         |       |     6 |       ||     6
       Betrayed ally     |       |       |     1 ||     1
  Eat: Chunk             |     2 |     8 |    17 ||    27
       Beef jerky        |       |       |     1 ||     1
